 Dungeon Crawl Stone Soup version 0.18-a0-1045-g4e042de (webtiles) character file.

748 Ijustatesigmund the Cudgeler (level 7, -11/56 HPs)
             Began as a Demonspawn Abyssal Knight on Jan 11, 2016.
             Was an Elder of Lugonu.
             Mangled by a hill giant
             ... wielding a +0 giant club
              (22 damage)
             ... on level 6 of the Dungeon.
             The game lasted 00:12:22 (4432 turns).

Ijustatesigmund the Cudgeler (DsAK)                 Turns: 4432, Time: 00:12:23

Health: -11/56     AC:  8    Str: 12    XL:     7   Next: 48%
Magic:  11/11      EV: 12    Int: 14    God:    Lugonu [****..]
Gold:   19         SH:  0    Dex: 14    Spells: 2 memorised, 4 levels left

rFire  . . .     SeeInvis .     q - +1 flail
rCold  . . .     Gourm    .     f - +0 ring mail
rNeg   . . .     Faith    .     (no shield)
rPois  .         Spirit   .     p - +1 hat
rElec  .         Dismiss  .     (no cloak)
rCorr  .         Reflect  .     h - +1 pair of gloves
SustAt .         Harm     .     (no boots)
MR     .....                    (no amulet)
Stlth  +.........               (no ring)
                                (no ring)

@: very slightly contaminated, invisible, not resistant to hostile enchantments,
very unstealthy
A: antennae 1, repulsion field 1, demonic guardian 1
a: Depart the Abyss, Bend Space, Banish, Corrupt, Renounce Religion


You were on level 6 of the Dungeon.
You worshipped Lugonu.
Lugonu was greatly pleased with you.
You were hungry.

You visited 1 branch of the dungeon, and saw 6 of its levels.
You visited the Abyss 1 time.

You collected 268 gold pieces.
You spent 249 gold pieces at shops.

Inventory:

Hand Weapons
 q - a +1 flail (weapon)
Missiles
 k - 22 bolts
Armour
 f - a +0 ring mail (worn)
 h - a +1 pair of gloves (worn)
 p - a +1 hat (worn)
Magical Staves
 s - an uncursed staff of summoning {unknown}
Wands
 v - a wand of disintegration (8/24)
Scrolls
 m - 3 scrolls of remove curse
 o - 2 scrolls of teleportation
Potions
 b - a potion of might {unknown}
 d - 4 potions of curing
 e - a potion of haste {unknown}
 i - a potion of ambrosia
 j - a potion of magic
 l - a potion of cancellation
 u - a potion of agility {unknown}
Books
 t - a book of Party Tricks

   Spells                             Type                      Level
   a - Summon Butterflies             Summoning                    1
   b - Apportation                    Translocation                1
   c - Tukima's Dance                 Hexes                        3
   d - Alistair's Intoxication        Transmutation/Poison         5
   e - Invisibility                   Hexes                        6
Comestibles
 c - 4 bread rations
 g - 2 slices of pizza
 r - a beef jerky


   Skills:
 + Level 5.2 Fighting
 * Level 5.8 Maces & Flails
 - Level 1.7 Armour
 - Level 0.8 Dodging
 + Level 5.4 Invocations


You had 4 spell levels left.
You knew the following spells:

 Your Spells              Type           Power        Failure   Level  Hunger
a - Summon Butterflies    Summ           #.......     67%         1    ##.....
b - Apportation           Tloc           #.........   67%         1    ##.....


Dungeon Overview and Level Annotations

Branches:
Dungeon (6/15)
 Temple: D:4-7

Altars:
Elyvilon
Pakellas
Trog

Shops:
D:4 *


Innate Abilities, Weirdness & Mutations

You have a pair of small antennae on your head.
You are surrounded by a mild repulsion field (EV +2).
A weak demonic guardian rushes to your aid.


Message History

You are very lightly contaminated with residual magic.
You hit the hill giant.
The hill giant is heavily wounded.
The hill giant hits you with a giant club!!
You sock the hill giant!
The hill giant is severely wounded.
The hill giant hits you with a giant club!
You hit the hill giant but do no damage.
The hill giant is severely wounded.
You are feeling hungry.
The hill giant hits you with a giant club!
* * * LOW HITPOINT WARNING * * *
You are too injured to fight recklessly!
You thump the hill giant!
The hill giant is severely wounded.
Your quasit bites the hill giant but does no damage.
Your quasit claws the hill giant but does no damage.
Your quasit claws the hill giant.
The hill giant hits you with a giant club!!
You die...

##### #...#
#####.<.###
##.#.......#####
##..............#
#...........###.#
#...##...###
...####.###..(#
.......C@....##
..####5###### #+#


You could see a hill giant and a friendly quasit.

Vanquished Creatures
  An ogre (D:5)
  A giant frog zombie (D:5)
  2 orc wizards (D:5)
  2 orc priests
  3 worker ants
  Natasha (thrice) (D:4)
  2 iguanas (D:4)
  2 hound skeletons (D:4)
  5 adders
  A shadow imp (D:5)
  2 oozes
  An adder zombie (D:4)
  3 worms
  3 giant geckos
  15 orcs
  4 giant cockroaches
  6 hobgoblins
  6 jackals
  3 quokkas
  A ball python (D:3)
  8 bats
  4 giant newts
  2 goblins (D:2)
  4 kobolds
  A quokka skeleton (D:3)
  8 rats
93 creatures vanquished.

Vanquished Creatures (collateral kills)
  A centaur (D:5)
  A scorpion (D:5)
  An orc wizard (D:5)
  An orc (D:5)
4 creatures vanquished.

Grand Total: 97 creatures vanquished

Notes
Turn   | Place    | Note
--------------------------------------------------------------
     0 | Abyss:1  | Ijustatesigmund the Demonspawn Abyssal Knight began the quest for the Orb.
     0 | Abyss:1  | Reached XP level 1. HP: 18/18 MP: 2/2
    29 | D:1      | Escaped the Abyss
   202 | D:1      | Gained mutation: You have a pair of small antennae on your head. [demonic ancestry]
   202 | D:1      | Reached XP level 2. HP: 24/24 MP: 3/3
   568 | D:1      | Reached ** piety under Lugonu
   644 | D:2      | Reached XP level 3. HP: 12/29 MP: 5/5
  1075 | D:2      | Found an oddly glowing altar of Pakellas.
  1159 | D:2      | Reached XP level 4. HP: 34/36 MP: 6/6
  1174 | D:2      | Found a bloodstained altar of Trog.
  2012 | D:4      | Reached *** piety under Lugonu
  2012 | D:4      | Reached skill level 4 in Fighting
  2012 | D:4      | Gained mutation: A weak demonic guardian rushes to your aid. [demonic ancestry]
  2012 | D:4      | Reached XP level 5. HP: 42/42 MP: 7/7
  2100 | D:4      | Learned a level 1 spell: Summon Butterflies
  2102 | D:4      | Learned a level 1 spell: Apportation
  2113 | D:4      | Found a white marble altar of Elyvilon.
  2242 | D:4      | Noticed Natasha
  2243 | D:4      | Killed Natasha
  2362 | D:4      | Found Juafeax's Assorted Antiques.
  2372 | D:4      | Bought a dark potion for 25 gold pieces
  2520 | D:4      | Noticed Natasha
  2520 | D:4      | Killed Natasha
  2665 | D:4      | Reached XP level 6. HP: 48/48 MP: 9/9
  2860 | D:5      | Entered Level 5 of the Dungeon
  3053 | D:4      | Noticed Natasha
  3053 | D:4      | Killed Natasha
  3212 | D:5      | Reached skill level 5 in Maces & Flails
  3390 | D:5      | Gained mutation: You are surrounded by a mild repulsion field (EV +2). [demonic ancestry]
  3390 | D:5      | Reached XP level 7. HP: 28/55 MP: 10/10
  3707 | D:5      | Reached skill level 5 in Fighting
  3707 | D:5      | Reached skill level 5 in Invocations
  3816 | D:5      | Reached **** piety under Lugonu
  4324 | D:4      | Bought a shimmering short sword for 224 gold pieces
  4324 | D:4      | Identified the +0 short sword "Vitionke" {venom, rElec rPois Str-5} (You bought it in a shop on level 4 of the Dungeon)
  4415 | D:6      | Noticed a hill giant
  4432 | D:6      | Mangled by a hill giant

Vault maps used:
D:1:      matt_arrival_refuge
D:2:      overflow_temple_1_default, grunt_pakellas_sulfur, first_bread,
          minmay_misc_feat_four_crosses
D:4:      serial_shops, nicolae_shop_crystal, elyvilon_altar_5, uniq_natasha
D:5:      st_stairs_8
D:6:      minmay_temple_entry_trees, grunt_decor_fettered,
          nemelex_dance_club_becter, uniq_edmund, uniq_duvessa

Action                   |  1- 3 |  4- 6 |  7- 9 || total
-------------------------+-------+-------+-------++-------
Melee: Mace              |   139 |    33 |       ||   172
       Flail             |       |   157 |    82 ||   239
Evoke: Wand              |       |     5 |     1 ||     6
  Use: Potion            |     2 |     1 |     1 ||     4
       Scroll            |     2 |     9 |     2 ||    13
 Stab: Distracted        |       |     1 |       ||     1
  Eat: Chunk             |     1 |     4 |     3 ||     8
       Fruit             |       |     4 |       ||     4
